 Dungeon Crawl Stone Soup version 0.20-a0-556-g892c87b (webtiles) character file.

90 polly the Chopper (level 4, -2/61 HPs)
             Began as a Minotaur Berserker on Feb 5, 2017.
             Was a Believer of Trog.
             Slain by Mixedsea's ghost (16 damage)
             ... on level 4 of the Dungeon.
             The game lasted 00:02:32 (2176 turns).

polly the Chopper (Minotaur Berserker)              Turns: 2176, Time: 00:02:33

Health: -2/61      AC:  2    Str: 28    XL:     4   Next: 32%
Magic:  3/3        EV: 13    Int:  4    God:    Trog [**....]
Gold:   166        SH:  0    Dex:  9    Spells: 3/3 levels left

rFire    . . .     SeeInvis .   a - +0 hand axe
rCold    . . .     Gourm    .   b - +0 animal skin
rNeg     . . .     Faith    .   (no shield)
rPois    .         Spirit   .   (helmet restricted)
rElec    .         Reflect  .   (no cloak)
rCorr    .         Harm     .   (no gloves)
MR       .....                  (no boots)
Stlth    ..........             (no amulet)
Regen    0.2/turn               (no ring)
                                (no ring)

@: berserking, very quick
A: retaliatory headbutt, horns 2
a: Berserk, Trog's Hand, Burn Spellbooks, Renounce Religion


You were on level 4 of the Dungeon.
You worshipped Trog.
Trog was pleased with you.
You were near starving.

You visited 1 branch of the dungeon, and saw 4 of its levels.

You collected 166 gold pieces.

Inventory:

Hand Weapons
 a - a +0 hand axe (weapon)
 h - a +0 war axe
Armour
 b - a +0 animal skin (worn)
Wands
 r - a wand of random effects (29/48)
Scrolls
 e - 2 scrolls of identify
 j - 2 scrolls of enchant armour {unknown}
 l - a scroll of enchant weapon {unknown}
 o - a scroll of recharging {unknown}
 q - a scroll of fear {unknown}
Potions
 d - a potion of might
 f - 2 potions of lignification {unknown}
 i - a potion of curing {unknown}
 k - a potion of magic {unknown}
 m - a potion of heal wounds {unknown}
 p - a potion of haste {unknown}
Comestibles
 c - 4 bread rations
 g - 2 meat rations
 n - a royal jelly


   Skills:
 + Level 4.3 Fighting
 + Level 4.4 Axes
 + Level 2.6 Armour
 + Level 3.3 Dodging
 + Level 1.0 Stealth


You had 3 spell levels left.
You didn't know any spells.

Dungeon Overview and Level Annotations

Branches:
Dungeon (4/15)
 Temple: D:4-7

Altars:
Hepliaklqana
Ru
Zin
The Shining One

Annotations:
D:4 Mixedsea's ghost, amateur DDFi


Innate Abilities, Weirdness & Mutations

You reflexively headbutt those who attack you in melee.
You have a pair of horns on your head.


Message History

You are too injured to fight recklessly!
You are too injured to fight recklessly!
You are too injured to fight recklessly!
You are too injured to fight recklessly!
You are too injured to fight recklessly!
You are too injured to fight recklessly!
You are too injured to fight recklessly!
You are too injured to fight recklessly!
A red film seems to cover your vision as you go berserk!
You feel yourself moving faster!
You feel mighty!
You are near starving!
Mixedsea's ghost hits you!
* * * LOW HITPOINT WARNING * * *
You closely miss Mixedsea's ghost. You headbutt Mixedsea's ghost!
Mixedsea's ghost is lightly damaged.
You hit Mixedsea's ghost.
You headbutt Mixedsea's ghost, but do no damage.
Mixedsea's ghost is lightly damaged.
Mixedsea's ghost hits you!
You die...

#########
#.......#
#.......#
+.......#
#.......#
#....$W.#
#....@..#
#########


You could see Mixedsea's ghost.

Vanquished Creatures
  2 adders
  A worm (D:3)
  A dart slug (D:1)
  2 leopard geckos (D:3)
  A ball python (D:2)
  2 giant cockroaches
  7 goblins
  8 hobgoblins
  5 jackals (D:3)
  6 kobolds
  3 quokkas
  9 bats
  6 frilled lizards
  7 rats
60 creatures vanquished.

Notes
Turn   | Place    | Note
-------+----------+-------------------------------------------
     0 | D:1      | polly the Minotaur Berserker began the quest for the Orb.
     0 | D:1      | Reached XP level 1. HP: 19/19 MP: 0/0
   301 | D:1      | Reached XP level 2. HP: 25/27 MP: 1/1
   870 | D:2      | Reached ** piety under Trog
   884 | D:2      | Reached XP level 3. HP: 26/33 MP: 2/2
  1568 | D:3      | Found a glowing golden altar of the Shining One.
  1721 | D:3      | Reached XP level 4. HP: 34/41 MP: 3/3
  1737 | D:3      | Found a sacrificial altar of Ru.
  1747 | D:3      | Reached skill level 1 in Stealth
  2002 | D:3      | Found a hazy altar of Hepliaklqana.
  2012 | D:3      | Found a glowing silver altar of Zin.
  2170 | D:4      | Noticed Mixedsea's ghost (amateur DDFi)
  2176 | D:4      | Slain by Mixedsea's ghost

Vault maps used:
D:1:      saegor_arrival_simple_c
D:3:      amethyst_overflow_temple_binary, nicolae_overflow_crystal_walls,
          first_bread, nicolae_ru_path_of_blood
D:4:      overflow_temple_1_default, gammafunk_temple_overflow_statue,
          nicolae_ossuary_entry_plus, grunt_qazlal_sundering

Skill      XL: |  1  2  3  4 |
---------------+-------------+-----
Axes           | 4 |  4.4
Fighting       | 4 |  4.3
Dodging        | 3 |  3.3
Stealth        | 1 |  1.0
Armour         | |  2.6

Action                   |  1- 3 |  4- 6 || total
-------------------------+-------+-------++-------
Melee: Hand axe          |    91 |    34 ||   125
       Headbutt          |    13 |     3 ||    16
Invok: Berserk           |       |     1 ||     1
  Use: Scroll            |     2 |       ||     2
 Stab: Sleeping          |     5 |       ||     5
  Eat: Chunk             |     2 |     1 ||     3
Armor: Animal skin       |    15 |     2 ||    17
Dodge: Dodged            |    62 |    25 ||    87
Block: Buckler           |     3 |       ||     3
